 Dungeon Crawl Stone Soup version 0.31-a0-182-gc5ef74bbde (webtiles) character file.

Game seed: 17093065013762917069

331 qw the Chopper (level 6, -5/38 HPs)
             Began as a Gargoyle Fighter on June 21, 2023.
             Blown up by Ijyb (16 damage)
             ... with a mindburst bolt
             ... on level 3 of the Dungeon.
             The game lasted 00:01:21 (2670 turns).

qw the Chopper (Gargoyle Fighter)                   Turns: 2670, Time: 00:01:21

Health: -5/38      AC: 13    Str: 22    XL:     6   Next: 51%
Magic:  6/6        EV:  9    Int:  8    God:
Gold:   145        SH:  4    Dex:  9    Spells: 5/5 levels left

rFire   . . .        Y - +0 war axe
rCold   . . .        c - +0 buckler
rNeg    + . .        b - +0 scale mail
rPois   inf          (no helmet)
rElec   +            (no cloak)
rCorr   .            e - +0 pair of gloves
SInv    .            a - +0 pair of boots
Will    .....        (no amulet) Stlth
                     (no ring)
HPRegen 0.26/turn    (no ring)
MPRegen 0.10/turn

%: no passive effects
@: no status effects
A: sickness immunity, AC +4, negative energy resistance 1, electricity
resistance, torment resistance 1, petrification resistance
a: no special abilities


You were on level 3 of the Dungeon.
You visited 1 branch of the dungeon, and saw 3 of its levels.

You collected 170 gold pieces.
You spent 25 gold pieces at shops.


Innate Abilities, Weirdness & Mutations

You are immune to sickness and miasma.
Your stone body is resilient. (AC +4)
You are immune to poison.
You resist negative energy. (rN+)
You are resistant to electric shocks. (rElec)
You are resistant to unholy torment.
You are immune to petrification.


   Skills:
 - Level 4.1 Fighting
 - Level 5.5 Axes
 - Level 3.2 Armour
 + Level 0.9 Dodging
 - Level 3.2 Shields


You had 5 spell levels left.
You didn't know any spells.
Your spell library was empty.

Inventory:

Hand Weapons
 k - a +0 mace
 Y - a +0 war axe (weapon)
Missiles
 f - 3 boomerangs (quivered)
Armour
 a - a +0 pair of boots (worn)
 b - a +0 scale mail (worn)
 c - a +0 buckler (worn)
 e - a +0 pair of gloves (worn)
Jewellery
 h - a ring of fire
 p - an amulet of the acrobat
Scrolls
 m - a scroll of teleportation {unknown}
 o - a scroll of identify {unknown}
 q - a scroll of enchant weapon {unknown}
Potions
 d - a potion of might
 g - a potion of haste {unknown}
 i - a potion of degeneration {unknown}
 j - a potion of enlightenment {unknown}
 l - a potion of curing
 n - a potion of heal wounds {unknown}

Dungeon Overview and Level Annotations

Branches:
Dungeon (3/15)

Altars:

Shops:
D:1 *

Annotations:
D:3 Ijyb


Message History

Enter note:
Enter note: You hit Ijyb but do no damage.
You block Ijyb's attack.
You closely miss Ijyb. Ijyb hits you but does no damage.
You hit Ijyb.
Ijyb is lightly wounded.
Ijyb zaps a wand.
You barely resist. You hit Ijyb.
Ijyb is moderately wounded.
Ijyb hits you but does no damage. x2
You barely miss Ijyb.
Ijyb is moderately wounded.
Ijyb hits you but does no damage.
You barely miss Ijyb.
Ijyb is moderately wounded.
Ijyb hits you but does no damage.
You hit Ijyb.
Ijyb is heavily wounded.
Ijyb hits you with a +0 dagger.
You closely miss Ijyb.
Ijyb is heavily wounded.
Ijyb hits you but does no damage.
Ijyb zaps a wand.
Your mind is blasted!
You barely miss Ijyb.
Ijyb is heavily wounded.
Ijyb zaps a wand.
Your mind is blasted!
You barely miss Ijyb.
Ijyb is heavily wounded.
Ijyb screams, "Me kill you!"
Ijyb zaps a wand.
Your mind is blasted!
You hit Ijyb but do no damage.
Ijyb is heavily wounded.
Ijyb zaps a wand.
Your mind is blasted!
Ijyb screams, "Die!"
You block Ijyb's attack.
You barely miss Ijyb.
Ijyb is heavily wounded.
Ijyb zaps a wand.
Your mind is blasted!
You die...

##.##### #.P.## 7.77
#.# #....# 7..7 #.#
#....# 77.7 #.# #....#
77.7 #.# #...# 7.77
#.# # #...## 77.77 #.#
#. #.###.## 77.7 #.#
##.####### 7.7 ...
#.@../..# 7.7 ####.#
##.#g....# 7.7
......###.##.....# 7.7
#...[.........# 7.77
###.####......# 77.77
#.# .....$# 77.7 #.#
.....). ##.###
#.###############.....
#...........(.....####


You could see Ijyb.

Vanquished Creatures
  Sigmund (D:2)
  An orc priest (D:2)
  5 adders
  4 worms (D:2)
  2 dart slugs (D:1)
  5 orcs
  3 bats
  9 endoplasms
  5 giant cockroaches
  14 goblins
  10 hobgoblins
  8 kobolds
  A quokka (D:3)
  3 ball pythons
  A frilled lizard (D:1)
  4 rats
76 creatures vanquished.

Notes
Turn   | Place    | Note
-------+----------+-------------------------------------------
     0 | D:1      | qw the Gargoyle Fighter began the quest for the Orb.
     0 | D:1      | Reached XP level 1. HP: 14/14 MP: 1/1
     0 | D:1      | 0 ||| qw: Version: 0.3-a-9-g12657ce
     0 | D:1      | 0 ||| qw: Game counter: 1619
     0 | D:1      | 0 ||| qw: Always use a shield: true
     0 | D:1      | 0 ||| qw: God list: Okawaru
     0 | D:1      | 0 ||| qw: Allow faded altars: false
     0 | D:1      | 0 ||| qw: Do Orc after D:15 true
     0 | D:1      | 0 ||| qw: Do second Lair branch before Depths: true
     0 | D:1      | 0 ||| qw: Lair rune preference: random
     0 | D:1      | 0 ||| qw: Plans: Normal, Zot:1-4, Slime:5, God:TSO, Crypt,
                  | Tomb, Abyss, Pan, Hells, Win
     0 | D:1      | 0 ||| PLANNING D:1-11
    88 | D:1      | Reached skill level 2 in Axes
   302 | D:1      | 302 ||| Stepping ~*~*~tactically~*~*~ (hiding).
   311 | D:1      | Reached XP level 2. HP: 19/19 MP: 2/2
   550 | D:1      | 550 ||| Stepping ~*~*~tactically~*~*~ (hiding).
   553 | D:1      | 553 ||| Stepping ~*~*~tactically~*~*~ (hiding).
   942 | D:1      | Found Hocats's General Store.
   954 | D:1      | 954 ||| BUYING +0 whip (25 gold).
   954 | D:1      | Bought a +0 whip for 25 gold pieces
   954 | D:1      | 954 ||| SHOPLISTING +2 gold dragon scales of Mezcal
                  | {Rampage rPois rF+ rC+ Will+ Int-4} (942 gold, have 4).
   954 | D:1      | 954 ||| SHOPLISTING scroll of teleportation (30 gold, have
                  | 4).
   954 | D:1      | 954 ||| DROPPING +0 club.
  1005 | D:1      | Reached skill level 3 in Axes
  1148 | D:1      | 1148 ||| READING scroll labelled ECVUUR RIKHLU.
  1149 | D:1      | 1149 ||| READING scroll labelled SEONEA DEGRUW.
  1150 | D:1      | 1150 ||| DRINKING 2 golden potions.
  1226 | D:2      | Reached XP level 3. HP: 23/23 MP: 3/3
  1283 | D:2      | 1283 ||| Stepping ~*~*~tactically~*~*~ (stealth).
  1311 | D:2      | Reached XP level 4. HP: 8/28 MP: 4/4
  1427 | D:2      | 1427 ||| Stepping ~*~*~tactically~*~*~ (stealth).
  1439 | D:2      | 1439 ||| Stepping ~*~*~tactically~*~*~ (hiding).
  1449 | D:2      | Reached skill level 4 in Axes
  1449 | D:2      | 1449 ||| Stepping ~*~*~tactically~*~*~ (stealth).
  1464 | D:2      | 1464 ||| Stepping ~*~*~tactically~*~*~ (stealth).
  1465 | D:2      | 1465 ||| Stepping ~*~*~tactically~*~*~ (stealth).
  1466 | D:2      | 1466 ||| Stepping ~*~*~tactically~*~*~ (stealth).
  1470 | D:2      | Noticed Sigmund
  1479 | D:2      | 1479 ||| DRINKING potion of curing.
  1479 | D:2      | 1479 ||| (to cure confusion)
  1486 | D:2      | Killed Sigmund
  1487 | D:2      | Reached skill level 5 in Axes
  1487 | D:2      | Reached XP level 5. HP: 25/32 MP: 5/5
  1487 | D:2      | Reached XP level 6. HP: 28/37 MP: 6/6
  1841 | D:2      | 1841 ||| UPGRADING to +0 pair of boots.
  1846 | D:2      | 1846 ||| UPGRADING to +0 pair of gloves.
  1851 | D:2      | 1851 ||| READING scroll labelled ZATIASCHISK.
  1852 | D:2      | 1852 ||| READING scroll labelled PIFAATHUITY.
  1980 | D:3      | 1980 ||| STAIRDANCE
  2035 | D:3      | 2035 ||| STAIRDANCE
  2073 | D:2      | 2073 ||| DROPPING +0 whip.
  2087 | D:3      | 2087 ||| Stepping ~*~*~tactically~*~*~ (hiding).
  2366 | D:3      | 2366 ||| Stepping ~*~*~tactically~*~*~ (stealth).
  2495 | D:3      | 2495 ||| Stepping ~*~*~tactically~*~*~ (stealth).
  2500 | D:3      | 2500 ||| Stepping ~*~*~tactically~*~*~ (stealth).
  2654 | D:3      | Noticed Ijyb
  2655 | D:3      | 2655 ||| Stepping ~*~*~tactically~*~*~ (hiding).
  2656 | D:3      | 2656 ||| Stepping ~*~*~tactically~*~*~ (hiding).
  2670 | D:3      | Blown up by Ijyb

Levels and vault maps discovered:
D:1:      enne_arrival_octagon_isle, layout_basic, serial_shops,
          nicolae_shop_temple_entry_statues_fountains, st_stairs_4,
          wad_woods_river_04
D:2:      cheibrodos_greedy_goblins, layout_rooms, uniq_sigmund
D:3:      kb_forest_paths, layout_loops_ring, uniq_crazy_yiuf_cottage, uniq_ijyb

Skill      XL: |  1  2  3  4  5  6 |
---------------+-------------------+-----
Axes           | 2 3 5 |  5.5
Fighting       | 4 |  4.1
Armour         | |  3.2
Dodging        | |  0.9
Shields        | |  3.2

Action                     |  1- 3 |  4- 6 || total
---------------------------+-------+-------++-------
  Melee: War axe           |   102 |   129 ||   231
  Throw: Boomerang         |       |    22 ||    22
    Use: Scroll            |     2 |     2 ||     4
         Potion            |     1 |     1 ||     2
 Armour: Scale mail        |    62 |    58 ||   120
  Dodge: Dodged            |    65 |    51 ||   116
  Block: Buckler           |    19 |    21 ||    40

Table legend:
 A = Non-vault XP
 B = Vault XP
 C = Vault XP percentage of total XP
 D = Non-vault monster count
 E = Vault monster count
 F = Vault count percentage of total count
                 A         B        C        D         E       F
            +---------+---------+-------+---------+---------+-------
      Total |     214 |     259 |  54.8 |      56 |      20 |  26.3
            +---------+---------+-------+---------+---------+-------
        D:1 |      29 |       3 |   9.4 |      15 |       2 |  11.8
        D:2 |     153 |     244 |  61.5 |      29 |      12 |  29.3
        D:3 |      32 |      12 |  27.3 |      12 |       6 |  33.3
            +---------+---------+-------+---------+---------+-------
